AoeStats
← Evan Mason

Black Forest

507037252Analyzed
4v4 RM · 17d ago on Sep 16, 2026· 51m 22s· 8 players
Game mode
Random Map
Map size
Large (8 player)
Population
200
Speed
Normal
Resources
Standard
Victory
Conquest
Starting age
Dark Age
Ending age
Imperial Age
RankedLock teamsTeams togetherTeam positionsShared explorationLock speedFull tech treeHidden civsTurbo modeCheats
Victory
Defeat
🇹🇷 Huns · Türkiye
813
+5
🇮🇳 Khmer · India
608
+10
🇲🇽 Persians · Mexico
598
+11
🇵🇱 Burmese · Poland
585
+11
🇨🇳 Bohemians · China
613
-14
🇯🇵 Vietnamese · Japan
538
-11
🇹🇷 Turks · Türkiye
399
-6
🇨🇳 Jurchens · China
397
-6
Elite Savage
Evan Mason
11:12 Feudal Age
11:46 Horse Collar
19:26 Castle Age
20:44 Double-Bit Axe
21:16 Heavy Plow
23:38 Wheelbarrow
29:32 Bow Saw
33:24 Hand Cart
35:09 Town Watch
35:51 Fletching
39:44 Town Patrol
44:44 Imperial Age
43:10 Bodkin Arrow
45:48 Chemistry
45:09 Ballistics
Jawaharlal NEHRU
0:28 Loom
13:49 Feudal Age
14:29 Double-Bit Axe
14:26 Horse Collar
21:17 Castle Age
21:43 Gold Mining
21:50 Fletching
22:00 Town Watch
23:25 Bow Saw
23:17 Heavy Plow
26:30 Wheelbarrow
28:00 Fortified Wall
27:32 Treadmill Crane
32:28 Imperial Age
30:23 Stone Mining
31:07 Bloodlines
30:20 Pikeman
31:02 Squires
30:28 Crossbowman
31:15 Thumb Ring
30:33 Elite Skirmisher
31:55 Town Patrol
32:25 Padded Archer Armor
32:21 Bodkin Arrow
32:37 Forging
34:07 Ballistics
34:48 Chemistry
35:09 Two-Man Saw
34:49 Crop Rotation
35:51 Scale Mail Armor
37:38 Caravan
37:19 Arbalester
38:41 Hand Cart
40:38 Elite Rattan Archer
40:50 Imperial Skirmisher
43:03 Paper Money
43:00 Siege Engineers
43:39 Hoardings
43:11 Halberdier
47:14 Bracer
47:31 Leather Archer Armor
Din Djarin The Mandalorian
10:51 Feudal Age
12:31 Horse Collar
21:25 Stone Mining
21:25 Gold Mining
21:36 Loom
24:41 Wheelbarrow
28:10 Double-Bit Axe
36:43 Castle Age
38:05 Caravan
44:35 Gold Shaft Mining
45:45 Hand Cart
46:17 Squires
47:10 Bow Saw
A11Wolv3rin3
0:39 Loom
15:03 Feudal Age
15:42 Fishing Lines
15:51 Double-Bit Axe
17:40 Stone Mining
28:41 Castle Age
26:40 Gold Mining
30:25 Bow Saw
30:55 Caravan
33:32 Imperial Age
33:13 Husbandry
33:24 Bloodlines
33:27 Forging
33:18 Scale Mail Armor
33:24 Scale Barding Armor
33:10 Fletching
34:12 Wheelbarrow
34:26 Wheelbarrow
33:51 Gillnets
33:47 Horse Collar
34:44 Gold Shaft Mining
34:48 Stone Shaft Mining
36:30 Tusk Swords
36:32 Double Crossbow
35:54 Elite Ballista Elephant
37:22 Iron Casting
37:03 Chain Mail Armor
37:14 Chain Barding Armor
38:07 Hand Cart
38:42 Heavy Plow
39:45 Elite Battle Elephant
41:28 Blast Furnace
40:27 Town Watch
41:51 Crop Rotation
41:31 Town Patrol
41:39 Town Patrol
42:39 Fortified Wall
43:31 Chemistry
42:53 Ballistics
42:28 Murder Holes
42:44 Masonry
42:51 Heavy Scorpion
43:59 Conscription
44:58 Hoardings
45:02 Plate Barding Armor
Tosko9760
0:42 Loom
12:26 Feudal Age
13:21 Double-Bit Axe
17:04 Wheelbarrow
17:38 Gold Mining
17:39 Stone Mining
19:11 Horse Collar
20:06 Town Watch
27:01 Castle Age
26:35 Forging
26:16 Fletching
26:28 Padded Archer Armor
26:30 Scale Mail Armor
26:36 Scale Barding Armor
28:50 Hand Cart
29:14 Bow Saw
30:56 Town Patrol
37:43 Imperial Age
35:32 Heavy Plow
36:25 Gold Shaft Mining
36:35 Murder Holes
37:41 Caravan
41:06 Crop Rotation
41:00 Conscription
40:41 Kamandaran
40:59 Citadels
40:33 Crossbowman
41:19 Thumb Ring
42:30 Bloodlines
42:21 Husbandry
41:43 Light Cavalry
44:32 Bodkin Arrow
44:53 Leather Archer Armor
45:14 Iron Casting
45:00 Chain Barding Armor
44:58 Chain Mail Armor
44:56 Elite War Elephant
46:21 Hussar
46:22 Cavalier
49:46 Blast Furnace
49:22 Plate Barding Armor
49:18 Ring Archer Armor
50:54 Two-Man Saw
49:59 Pikeman
50:39 Squires
50:27 Arson
50:27 Gambesons
Mecenas Kaszewiak
0:29 Loom
11:55 Feudal Age
15:00 Horse Collar
18:03 Bloodlines
19:04 Gold Mining
19:05 Stone Mining
19:49 Man-at-Arms
21:44 Fletching
21:54 Padded Archer Armor
25:05 Castle Age
25:33 Forging
25:44 Scale Barding Armor
26:56 Bodkin Arrow
27:12 Heavy Plow
27:22 Treadmill Crane
28:02 Ballistics
28:43 Wheelbarrow
29:30 Husbandry
31:37 Hand Cart
33:00 Murder Holes
34:23 Iron Casting
34:22 Chain Barding Armor
35:11 Manipur Cavalry
36:11 Town Watch
40:04 Imperial Age
38:47 Gold Shaft Mining
39:11 Town Patrol
41:19 Crop Rotation
41:28 Siege Engineers
42:10 Conscription
42:04 Bracer
43:34 Chemistry
43:58 Elite Arambai
45:23 Elite Battle Elephant
47:41 Blast Furnace
47:32 Plate Barding Armor
47:39 Howdah
UCH MADARA
1:18 Loom
16:36 Feudal Age
19:53 Double-Bit Axe
27:06 Castle Age
24:58 Horse Collar
25:11 Gold Mining
25:12 Stone Mining
25:28 Arson
26:59 Forging
26:55 Scale Barding Armor
27:14 Scale Mail Armor
28:25 Squires
27:46 Pikeman
29:35 Heavy Plow
30:43 Gold Shaft Mining
30:35 Bow Saw
30:54 Marauders
34:33 Ballistics
34:36 Chain Barding Armor
34:52 Iron Casting
39:09 Imperial Age
37:53 Chain Mail Armor
38:32 Wheelbarrow
39:15 Elite Tarkan
40:16 Conscription
41:34 Two-Man Saw
41:21 Hand Cart
41:11 Halberdier
43:31 Chemistry
43:22 Plate Barding Armor
Connection lost

Rejoining the realm…

Still unreachable

The connection could not be restored.

Session expired

The server has moved on; the page needs a fresh start.